 Dungeon Crawl Stone Soup version 0.29.0-4-gdea44cf6ec (webtiles) character file.

Game seed: 3905982894939813475

235 qw the Chopper (level 5, 0/69 HPs)
             Began as a Minotaur Berserker on Sept 10, 2022.
             Was a Believer of Trog.
             Slain by Pikel
             ... wielding a +1 whip of flaming
              (4 damage)
             ... on level 4 of the Dungeon.
             The game lasted 00:01:06 (3321 turns).

qw the Chopper (Minotaur Berserker)                 Turns: 3321, Time: 00:01:07

Health: 0/69       AC: 11    Str: 24    XL:     5   Next: 76%
Magic:  4/4        EV:  7    Int:  4    God:    Trog [**....]
Gold:   162        SH:  0    Dex:  9    Spells: 4/4 levels left

rFire   . . .      SeeInvis .   Y - +0 broad axe
rCold   . . .      Faith    .   (no shield)
rNeg    . . .      Spirit   .   g - +0 plate armour
rPois   .          Reflect  .   (helmet restricted)
rElec   .          Harm     .   (no cloak)
rCorr   .          Rampage  .   (no gloves)
Will    .....                   (no boots)
Stlth   ..........              (no amulet)
HPRegen 0.21/turn               (no ring)
MPRegen 0.09/turn               (no ring)

@: berserking, very quick
A: horns 2, retaliatory headbutt
a: Renounce Religion, Berserk, Trog's Hand


You were on level 4 of the Dungeon.
You worshipped Trog.
Trog was pleased with you.
You visited 1 branch of the dungeon, and saw 4 of its levels.

You collected 162 gold pieces.


Innate Abilities, Weirdness & Mutations

You have a pair of horns on your head.
You reflexively headbutt those who attack you in melee.


   Skills:
 - Level 4.0 Fighting
 + Level 7.4 Axes
 - Level 3.1 Armour
 - Level 2.1 Dodging


You had 4 spell levels left.
You didn't know any spells.
Your spell library was empty.

Inventory:

Hand Weapons
 e - a +0 club
 Y - a +0 broad axe (weapon)
Armour
 g - a +0 plate armour (worn)
Potions
 a - a potion of lignification {unknown}
 c - a potion of might {unknown}
 d - a potion of haste {unknown}
 f - a potion of heal wounds
 i - a potion of experience {unknown}
 j - a potion of degeneration {unknown}

Dungeon Overview and Level Annotations

Branches:
Dungeon (4/15)
 Temple: D:4-7

Altars:
Uskayaw

Annotations:
D:4 Pikel


Message History

The lemure is almost dead.
You hit Pikel. Pikel hits you but does no damage.
You closely miss the lemure.
The lemure is almost dead.
You slash Pikel! You slash the lemure!
You kill the lemure!
That felt strangely unrewarding.
You closely miss Pikel. Pikel hits you but does no damage.
You hit Pikel. Your headbutt misses Pikel.
Pikel is heavily wounded.
You slash the lemure! Pikel hits you but does no damage.
The lemure closely misses you.
You barely miss the lemure. You headbutt the lemure.
The lemure is severely wounded.
You slash Pikel!
Pikel hits you with a +1 whip of flaming!
Pikel burns you. The lemure barely misses you.
A lemure comes into view.
You slice the lemure!!
You kill the lemure!
That felt strangely unrewarding.
You closely miss Pikel.
Pikel hits you with a +1 whip of flaming!
Pikel burns you.
You closely miss Pikel.
Pikel is severely wounded.
You hit the lemure. You slash the endoplasm!
You feel the power of Trog in you as your rage grows.
You kill the endoplasm!
Trog accepts your kill.
Pikel hits you with a +1 whip of flaming!
Pikel burns you. The lemure barely misses you.
You miss Pikel.
Pikel is severely wounded.
You hit the lemure.
Pikel says, "Hell isn't that bad."
Pikel hits you with a +1 whip of flaming!
Pikel burns you.
You die...

. ?..#.# #. ##...#.
. .. ...... .$
.##....# # ...
......#.#
...........#.##
###..##........
.......@.....#
###..##5K.####
.#####..##...#
.............###.
.....##.#....5...K
..................
#..#####.#.######5#
#. #.#.# #
##..#####.#.#####


You could see Pikel and 2 lemures.

Vanquished Creatures
  2 lemures (D:4)
  A howler monkey (D:3)
  A jelly (D:4)
  Terence (D:3)
  An iguana (D:4)
  4 adders
  A worm (D:2)
  A dart slug (D:1)
  4 orcs (D:3)
  5 ball pythons
  7 endoplasms
  8 giant cockroaches
  6 goblins
  7 hobgoblins
  8 jackals
  3 bats
  3 frilled lizards
  A kobold (D:2)
  9 rats
73 creatures vanquished.

Notes
Turn   | Place    | Note
-------+----------+-------------------------------------------
     0 | D:1      | qw the Minotaur Berserker began the quest for the Orb.
     0 | D:1      | Reached XP level 1. HP: 19/19 MP: 0/0
     0 | D:1      | 0 ||| qw: Version: 0.1-a-116-g5d60599
     0 | D:1      | 0 ||| qw: Game counter: 7453
     0 | D:1      | 0 ||| qw: Always use a shield: true
     0 | D:1      | 0 ||| qw: Do Orc after D:15 true
     0 | D:1      | 0 ||| qw: Do second Lair branch before Depths: true
     0 | D:1      | 0 ||| qw: Lair rune preference: random
     0 | D:1      | 0 ||| qw: Plans: Normal
     0 | D:1      | 0 ||| PLANNING D:1-11
   134 | D:1      | Reached skill level 4 in Axes
   193 | D:1      | Found a faded altar of an unknown god.
   227 | D:1      | 227 ||| Stepping ~*~*~tactically~*~*~ (stealth).
   228 | D:1      | 228 ||| Stepping ~*~*~tactically~*~*~ (stealth).
   232 | D:1      | Reached XP level 2. HP: 21/26 MP: 1/1
   734 | D:1      | 734 ||| UPGRADING to +0 leather armour.
   744 | D:1      | 744 ||| DROPPING +0 animal skin.
   745 | D:1      | 745 ||| UPGRADING to +0 ring mail.
   755 | D:1      | 755 ||| DROPPING +0 leather armour.
   756 | D:1      | 756 ||| READING scroll labelled JIUKHO GEUFA.
   757 | D:1      | 757 ||| DRINKING 2 fuming orange potions.
   758 | D:1      | 758 ||| DROPPING potion of attraction.
   808 | D:2      | 808 ||| INVOKING Berserk.
   812 | D:2      | Reached skill level 5 in Axes
   930 | D:2      | Reached XP level 3. HP: 27/31 MP: 2/2
   971 | D:2      | 971 ||| Stepping ~*~*~tactically~*~*~ (stealth).
   972 | D:2      | 972 ||| SWAPPING to +0 broad axe.
   973 | D:2      | 973 ||| DROPPING +0 hand axe.
   986 | D:2      | Reached ** piety under Trog
  1007 | D:2      | 1007 ||| FLEEEEING.
  1008 | D:2      | 1008 ||| FLEEEEING.
  1009 | D:2      | 1009 ||| FLEEEEING.
  1010 | D:2      | 1010 ||| FLEEEEING.
  1011 | D:2      | 1011 ||| FLEEEEING.
  1012 | D:2      | 1012 ||| FLEEEEING.
  1013 | D:2      | 1013 ||| FLEEEEING.
  1014 | D:2      | 1014 ||| FLEEEEING.
  1016 | D:2      | 1016 ||| FLEEEEING.
  1017 | D:2      | 1017 ||| FLEEEEING.
  1018 | D:2      | 1018 ||| FLEEEEING.
  1019 | D:2      | 1019 ||| FLEEEEING.
  1020 | D:2      | 1020 ||| FLEEEEING.
  1021 | D:2      | 1021 ||| FLEEEEING.
  1022 | D:2      | 1022 ||| FLEEEEING.
  1023 | D:2      | 1023 ||| FLEEEEING.
  1024 | D:2      | 1024 ||| FLEEEEING.
  1025 | D:2      | 1025 ||| FLEEEEING.
  1026 | D:2      | 1026 ||| FLEEEEING.
  1027 | D:2      | 1027 ||| FLEEEEING.
  1028 | D:2      | 1028 ||| FLEEEEING.
  1029 | D:2      | 1029 ||| STAIRDANCE
  1100 | D:1      | 1100 ||| UPGRADING to +0 scale mail.
  1110 | D:1      | 1110 ||| DROPPING +0 ring mail.
  1721 | D:2      | 1721 ||| INVOKING Berserk.
  1952 | D:2      | 1952 ||| READING scroll labelled VIRUGUDAME.
  2084 | D:2      | 2084 ||| READING scroll labelled NAINNA XYACRAC.
  2101 | D:3      | 2101 ||| PLANNING SEWER
  2145 | D:3      | 2145 ||| Stepping ~*~*~tactically~*~*~ (stealth).
  2153 | D:3      | Reached XP level 4. HP: 35/39 MP: 3/3
  2154 | D:3      | Reached skill level 6 in Axes
  2164 | D:3      | 2164 ||| FLEEEEING.
  2166 | D:3      | 2166 ||| FLEEEEING.
  2167 | D:3      | 2167 ||| FLEEEEING.
  2168 | D:3      | 2168 ||| FLEEEEING.
  2170 | D:3      | 2170 ||| FLEEEEING.
  2173 | D:3      | 2173 ||| FLEEEEING.
  2174 | D:3      | 2174 ||| FLEEEEING.
  2175 | D:3      | 2175 ||| FLEEEEING.
  2178 | D:3      | 2178 ||| FLEEEEING.
  2184 | D:3      | 2184 ||| FLEEEEING.
  2185 | D:3      | 2185 ||| FLEEEEING.
  2189 | D:3      | 2189 ||| STAIRDANCE
  2380 | D:3      | Noticed a +0 spear
  2380 | D:3      | Noticed a +0 spear
  2386 | D:3      | Noticed a +0 falchion
  2388 | D:3      | Noticed a +0 short sword
  2388 | D:3      | Noticed a +0 dagger
  2388 | D:3      | Noticed a +0 short sword
  2389 | D:3      | Noticed a +0 falchion
  2389 | D:3      | Noticed a +0 dagger
  2390 | D:3      | Found a hide-covered altar of Uskayaw.
  2400 | D:3      | 2400 ||| INVOKING Berserk.
  2401 | D:3      | 2401 ||| INVOKING Berserk.
  2756 | D:3      | Noticed Terence
  2758 | D:3      | 2758 ||| INVOKING Berserk.
  2762 | D:3      | Killed Terence
  2763 | D:3      | Reached skill level 7 in Axes
  2763 | D:3      | Reached XP level 5. HP: 45/45 MP: 4/4
  2773 | D:3      | 2773 ||| Stepping ~*~*~tactically~*~*~ (stealth).
  2813 | D:3      | 2813 ||| RIP SEWER
  2855 | D:3      | 2855 ||| PLANNING D:1-11
  2951 | D:3      | 2951 ||| Stepping ~*~*~tactically~*~*~ (stealth).
  2988 | D:3      | 2988 ||| Stepping ~*~*~tactically~*~*~ (stealth).
  3147 | D:3      | 3147 ||| Stepping ~*~*~tactically~*~*~ (stealth).
  3176 | D:3      | 3176 ||| UPGRADING to +0 plate armour.
  3186 | D:3      | 3186 ||| DROPPING +0 scale mail.
  3187 | D:3      | 3187 ||| DRINKING 2 glowing green potions.
  3188 | D:3      | 3188 ||| DRINKING 2 viscous yellow potions.
  3189 | D:3      | 3189 ||| DROPPING potion of magic.
  3213 | D:4      | 3213 ||| INVOKING Berserk.
  3215 | D:4      | Reached skill level 3 in Armour
  3281 | D:4      | 3281 ||| Stepping ~*~*~tactically~*~*~ (stealth).
  3282 | D:4      | 3282 ||| Stepping ~*~*~tactically~*~*~ (stealth).
  3303 | D:4      | Noticed a lemure
  3304 | D:4      | Noticed Pikel
  3304 | D:4      | 3304 ||| Stepping ~*~*~tactically~*~*~ (stealth).
  3307 | D:4      | Noticed a lemure
  3308 | D:4      | 3308 ||| Stepping ~*~*~tactically~*~*~ (stealth).
  3312 | D:4      | Noticed a lemure
  3313 | D:4      | 3313 ||| INVOKING Berserk.
  3316 | D:4      | Killed a lemure
  3318 | D:4      | Noticed a lemure
  3319 | D:4      | Killed a lemure
  3320 | D:4      | HP: 13/69 [Pikel/+1 whip of flaming (8)]
  3321 | D:4      | HP: 4/69 [Pikel/+1 whip of flaming (7)]
  3321 | D:4      | Slain by Pikel

Levels and vault maps discovered:
D:1:      heliophobic_arrival_henge, layout_loops_ring, basic_ecumenical_altar
D:2:      layout_loops_ring
D:3:      layout_loops_cross, nicolae_uskayaw_en_pointe, portal_sewer_entry_e,
          uniq_terence
D:4:      layout_basic, minmay_tree_intersection, st_stairs_6, uniq_pikel

Skill      XL: |  1  2  3  4  5 |
---------------+----------------+-----
Axes           | 4 5 7 |  7.4
Fighting       | 4 |  4.0
Armour         | 3 |  3.1
Dodging        | |  2.1

Action                   |  1- 3 |  4- 6 || total
-------------------------+-------+-------++-------
Melee: Hand axe          |    37 |       ||    37
       Headbutt          |     8 |     9 ||    17
       Broad axe         |    53 |    67 ||   120
Invok: Berserk           |     2 |     4 ||     6
  Use: Scroll            |     3 |       ||     3
       Potion            |     1 |     2 ||     3
Armor: Animal skin       |     4 |       ||     4
       Ring mail         |    10 |       ||    10
       Scale mail        |    22 |    21 ||    43
       Plate armour      |       |     7 ||     7
Dodge: Dodged            |    48 |    22 ||    70

Table legend:
 A = Non-vault XP
 B = Vault XP
 C = Vault XP percentage of total XP
 D = Non-vault monster count
 E = Vault monster count
 F = Vault count percentage of total count
                 A         B        C        D         E       F
            +---------+---------+-------+---------+---------+-------
      Total |     286 |      50 |  14.9 |      62 |       9 |  12.7
            +---------+---------+-------+---------+---------+-------
        D:1 |      29 |       0 |   0.0 |      16 |       0 |   0.0
        D:2 |      63 |       0 |   0.0 |      22 |       0 |   0.0
        D:3 |     101 |      50 |  33.1 |      19 |       9 |  32.1
        D:4 |      93 |       0 |   0.0 |       5 |       0 |   0.0
            +---------+---------+-------+---------+---------+-------
